 Dungeon Crawl Stone Soup version 0.30.1-11-g7821555f0a (webtiles) character file.

Game seed: 10723427658749772090

203 Ijustatesigmund the Digger (level 5, -6/29 HPs)
             Began as a Gargoyle Earth Elementalist on Nov 16, 2023.
             Was an Initiate of Vehumet.
             Mangled by a gnoll
             ... wielding a +0 halberd
             ... led by a gnoll bouda
              (11 damage)
             ... on level 4 of the Dungeon.
             The game lasted 00:05:15 (3215 turns).

Ijustatesigmund the Digger (GrEE)                   Turns: 3215, Time: 00:05:15

Health: -6/29      AC:  9    Str: 12    XL:     5   Next: 81%
Magic:  7/9        EV: 11    Int: 17    God:    Vehumet [......]
Gold:   182        SH:  0    Dex: 10    Spells: 6/10 levels left

rFire   . . .        w - +0 flail
rCold   . . .        (no shield)
rNeg    + + .        a - +0 robe
rPois   ∞            (no helmet)
rElec   +            (no cloak)
rCorr   .            (no gloves)
SInv    .            h - +2 pair of boots
Will    .....        e - amulet of magic regeneration
Stlth   ++           p - ring of positive energy
HPRegen 0.24/turn    (no ring)
MPRegen 0.51/turn

%: no passive effects
@: hasted, very quick
A: sickness immunity, AC +4, negative energy resistance 1, electricity
resistance, torment resistance 1, petrification resistance
a: Renounce Religion


You were on level 4 of the Dungeon.
You worshipped Vehumet.
Vehumet was noncommittal.
You visited 1 branch of the dungeon, and saw 4 of its levels.

You collected 182 gold pieces.

Inventory:

Hand Weapons
 w - a +0 flail (weapon)
Armour
 a - a +0 robe (worn)
 h - a +2 pair of boots (worn)
Jewellery
 e - an amulet of magic regeneration (around neck)
 g - a ring of ice
 p - a ring of positive energy (left hand)
Wands
 q - a wand of polymorph (4)
Scrolls
 c - a scroll of noise {unknown}
 j - 2 scrolls of immolation {unknown}
 k - a scroll of summoning {unknown}
 l - a scroll of silence {unknown}
 o - a scroll of poison {unknown}
 s - 2 scrolls of identify {unknown}
 u - a scroll of amnesia {unknown}
 v - a scroll of fog {unknown}
Potions
 b - 2 potions of magic
 d - 2 potions of heal wounds {unknown}
 f - 2 potions of haste
 i - 2 potions of curing
 m - a potion of degeneration {unknown}
 n - a potion of lignification {unknown}
 r - 2 potions of mutation {unknown}
 t - a potion of resistance {unknown}


   Skills:
 - Level 1.4 Fighting
 - Level 1.5 Dodging
 - Level 2.1 Stealth
 + Level 3.2 Spellcasting
 * Level 3.4 Conjurations
 - Level 0.7 Transmutations
 + Level 5.0 Earth Magic


You had 6 spell levels left.
You knew the following spells:

 Your Spells              Type           Power      Damage    Failure   Level
a - Sandblast             Erth           38%        2d10      2%          1
b - Stone Arrow           Conj/Erth      34%        3d9       9%          3

Your spell library contained the following spells:

 Spells                   Type           Power      Damage    Failure   Level
 Passwall                 Tmut/Erth      10%        N/A       8%          2
 Apportation              Tloc           4%         N/A       17%         1
 Ensorcelled Hibernation  Hex/Ice        4%         N/A       26%         2
 Spider Form              Tmut/Pois      3%         N/A       41%         3
 Summon Guardian Golem    Hex/Summ       2%         N/A       45%         3
 Petrify                  Tmut/Erth      12%        N/A       45%         4
 Anguish                  Hex/Necr       1%         N/A       86%         4
 Alistair's Intoxication  Tmut/Pois      2%         N/A       99%         5
 Orb of Destruction       Conj           7%         9d6       100%        7
 Spellforged Servitor     Conj/Summ      4%         N/A       100%        7


Dungeon Overview and Level Annotations

Branches:
Dungeon (4/15)
 Temple: D:4-7

Altars:
Vehumet

Shops:
D:1 [


Innate Abilities, Weirdness & Mutations

You are immune to sickness and miasma.
Your stone body is resilient. (AC +4)
You are immune to poison.
You resist negative energy. (rN+)
You are resistant to electric shocks. (rElec)
You are resistant to unholy torment.
You are immune to petrification.


Message History

The blast of sand hits the gnoll bouda but does no damage.
The gnoll bouda is heavily wounded.
The gnoll bouda hits you with a +0 club!
The gnoll bouda closely misses you.
Casting: Sandblast (safe; 2% risk of failure)
Confirm with . or Enter, or press ? or * to list all spells.
Aiming: Sandblast (safe; 2% risk of failure)
Press: ? - help, Shift-Dir - straight line, f/p - gnoll bouda
Aim: a gnoll bouda, wielding a +0 club and wearing a +0 leather armour (heavily wounded, 84% to hit)
The blast of sand hits the gnoll bouda.
The gnoll bouda is severely wounded.
The gnoll bouda closely misses you.
Casting: Sandblast (safe; 2% risk of failure)
Confirm with . or Enter, or press ? or * to list all spells.
The spell is quite dangerous to miscast (10% risk of failure)!
Continue anyway? [Y]es or [N]o only, please.
The spell is quite dangerous to miscast (10% risk of failure)!
Continue anyway?
Aiming: Stone Arrow (quite dangerous; 10% risk of failure)
Press: ? - help, Shift-Dir - straight line, f/p - gnoll bouda
Aim: a gnoll bouda, wielding a +0 club and wearing a +0 leather armour (severely wounded, 72% to hit)
The stone arrow hits the gnoll bouda!
You kill the gnoll bouda!
Vehumet accepts your kill.
Your Earth Magic skill increases to level 5!
You barely miss the gnoll.
The gnoll is lightly wounded.
The gnoll barely misses you. x2
You barely miss the gnoll.
The gnoll is lightly wounded.
The gnoll shouts!
The gnoll hits you from afar with a +0 halberd!
The gnoll hits you with a +0 flail.
* * * LOW HITPOINT WARNING * * *
The gnoll hits you from afar with a +0 halberd.
* * * LOW HITPOINT WARNING * * *
The gnoll closely misses you.
It was a potion of haste.
You feel yourself speed up.
Your attacks no longer feel as feeble.
The gnoll hits you from afar with a +0 halberd!
You die...

...# ...# ######g..##.#
#.........r# #.#########.# . #g#
.# ## #g# .#. <# #g# ##.#.#.# .#
#@# #.#.#.#. .# #.# ##.#.#.# .#
#.# #.#.#.#. .# ######.##
##.#.#.# .#
#.......########.#.#.#.
.##########.####..#.......#.#.#.#
............# #..#.######.#[#.#.
################..#.# ##.#.#.#
#........#.# #######


You could see 3 gnolls.

Vanquished Creatures
  A gnoll bouda (D:4)
  Natasha (thrice) (D:2)
  An orc wizard (D:4)
  An adder (D:3)
  3 orcs (D:4)
  4 bats (D:1)
  3 endoplasms
  6 giant cockroaches
  3 goblins (D:1)
  4 hobgoblins
  5 jackals
  4 kobolds
  2 quokkas
  11 ball pythons
  5 frilled lizards
  4 rats
60 creatures vanquished.

Notes
Turn   | Place    | Note
-------+----------+-------------------------------------------
     0 | D:1      | Ijustatesigmund the Gargoyle Earth Elementalist began the
                  | quest for the Orb.
     0 | D:1      | Reached XP level 1. HP: 10/10 MP: 3/3
    90 | D:1      | Found Issoronloa's Armour Shoppe.
   434 | D:1      | Reached XP level 2. HP: 16/16 MP: 3/5
   462 | D:1      | Reached skill level 1 in Fighting
   526 | D:1      | Reached skill level 4 in Earth Magic
   957 | D:1      | Reached XP level 3. HP: 20/20 MP: 6/6
   961 | D:1      | Learned a level 3 spell: Stone Arrow
  1395 | D:2      | Noticed Natasha
  1401 | D:2      | Killed Natasha
  1402 | D:2      | Reached skill level 1 in Conjurations
  1402 | D:2      | Reached XP level 4. HP: 18/25 MP: 3/7
  1477 | D:2      | Noticed Natasha
  1480 | D:2      | Killed Natasha
  1485 | D:2      | Noticed Natasha
  1492 | D:2      | Killed Natasha
  1920 | D:2      | Reached XP level 5. HP: 29/29 MP: 5/9
  2160 | D:3      | Found a radiant altar of Vehumet.
  2385 | D:3      | Found a faded altar of an unknown god.
  2757 | D:3      | Became a worshipper of Vehumet
  3213 | D:4      | Reached skill level 5 in Earth Magic
  3215 | D:4      | Mangled by a gnoll

Illustrated notes

Levels and vault maps discovered:
D:1:      amcnicky_arrival_blooded_trapdoor, layout_basic, serial_shops, shop
D:2:      layout_loops_ring, hangedman_decor_opposing, uniq_natasha
D:3:      layout_basic, mainiacjoe_overflow_boulevard, serial_bayou,
          serial_bayou_ford_a, serial_bayou_pond_a, serial_bayou_shore_b,
          serial_bayou_shore_b, hellmonk_ecumenical_altar_leap_of_faith
D:4:      layout_basic

Skill      XL: |  1  2  3  4  5 |
---------------+----------------+-----
Fighting       | 1 |  1.4
Earth Magic    | 4 5 |  5.0
Conjurations   | 1 2 3 |  3.4
Spellcasting   | 3 |  3.2
Dodging        | |  1.5
Stealth        | |  2.1
Transmutations | |  0.7

Action                     |  1- 3 |  4- 6 || total
---------------------------+-------+-------++-------
  Melee: Unarmed           |     4 |       ||     4
         Short sword       |    22 |       ||    22
         War axe           |    15 |    35 ||    50
         Flail             |       |     5 ||     5
   Cast: Sandblast         |    30 |    42 ||    72
         Stone Arrow       |       |     1 ||     1
    Use: Potion            |       |     1 ||     1
   Stab: Sleeping          |     1 |       ||     1
 Armour: Robe              |    17 |    34 ||    51
  Dodge: Dodged            |    28 |    32 ||    60
